Map: World of Sleepers LE

Players

IIIIIIIIII - Winner!

  • Race: Terran Terran
  • League: Master
  • Spawn Location: 7:00

Maru

  • Race: Terran Terran
  • League: Grandmaster
  • Spawn Location: 1:00

VOD

Have the link to the VOD?

Description

Time

  • Played on: Oct. 25, 2019, 5:26 a.m.
  • Length: 13:02
Show
View Real Time Build Order
Export as new Build Order

IIIIIIIIII Terran - Winner!

Build Orders: Mech 

Get SALT Encoding   

  12  0:01  SCV  
  13  0:13  SCV  
  14  0:18  Supply Depot  
  14  0:25  SCV  
  15  0:44  Barracks  
  15  0:45  Refinery  
  15  0:58  Barracks  
  15  1:02  SCV  
  16  1:09  Refinery  
  16  1:14  SCV  
  17  1:26  SCV  
  17  1:32  Reaper  
  19  1:40  Orbital Command  
  19  1:45  Reaper  
  20  2:04  Reaper  
  21  2:09  Supply Depot  
  20  2:17  SCV  
  20  2:18  Reaper  
  22  2:29  SCV  
  23  2:36  Reaper  
  24  2:39  Factory  
  24  2:46  SCV  
  24  2:50  Reaper  
  26  2:53  Supply Depot  
  26  2:58  SCV  
  27  3:10  SCV  
  28  3:22  SCV  
  29  3:34  SCV  
  29  3:35  Factory Tech Lab  
  29  3:37  Command Center  
  30  3:42  Marine  
  30  3:47  SCV  
  35  3:55  Cyclone, Mag-Field Accelerator  
  35  3:59  SCV  
  35  4:11  SCV  
  35  4:23  SCV  
  35  4:27  Cyclone  
  38  4:31  Command Center  
  38  4:35  SCV  
  39  4:44  Starport  
  39  4:49  SCV  
  39  4:51  Supply Depot  
  40  4:59  Cyclone  
  43  5:01  SCV  
  44  5:07  Barracks  
  44  5:10  Orbital Command  
  44  5:13  SCV  
  45  5:23  Starport Tech Lab  
  45  5:25  SCV  
  42  5:37  SCV  
  40  5:43  SCV  
  40  5:49  SCV  
  42  5:54  Raven  
  42  5:55  SCV  
  45  6:03  Refinery  
  42  6:04  Refinery  
  42  6:06  SCV  
  42  6:07  SCV  
  44  6:18  SCV  
  45  6:19  SCV, Siege Tank  
  45  6:20  Orbital Command  
  45  6:22  Factory  
  49  6:30  SCV  
  49  6:31  SCV  
  51  6:42  SCV  
  51  6:43  SCV  
  53  6:48  Barracks Reactor  
  53  6:51  Siege Tank  
  53  6:52  Factory  
  56  6:54  SCV  
  56  6:55  SCV  
  56  6:57  Supply Depot x2  
  58  7:02  SCV  
  58  7:04  Viking  
  58  7:06  SCV  
  58  7:07  SCV  
  64  7:17  Orbital Command  
  64  7:18  SCV  
  64  7:19  SCV  
  65  7:30  SCV  
  65  7:32  SCV  
  65  7:36  Factory Reactor  
  65  7:37  Siege Tank  
  70  7:41  Armory  
  70  7:42  SCV, Engineering Bay  
  70  7:43  Armory  
  71  7:52  SCV x2  
  71  7:53  Siege Tank  
  71  7:55  Viking x2  
  80  7:58  SCV  
  81  8:07  Supply Depot  
  81  8:08  SCV  
  81  8:09  SCV  
  81  8:10  SCV  
  81  8:12  Siege Tank  
  84  8:13  Hellion x2, Refinery  
  84  8:15  Refinery  
  88  8:20  SCV  
  88  8:21  SCV  
  88  8:22  SCV  
  88  8:25  Viking  
  93  8:28  Viking  
  93  8:29  Supply Depot  
  95  8:37  Sensor Tower  
  95  8:41  Liberator  
  95  8:42  Missile Turret  
  95  8:45  Siege Tank  
  95  8:46  Hellion  
  100  8:50  Hellion x2  
  100  8:55  Viking  
  106  9:02  Command Center  
  109  9:03  Supply Depot x2  
  109  9:06  Missile Turret  
  109  9:24  SCV x2, Hellion, Liberator, Siege Tank x2  
  109  9:25  Viking  
  109  9:26  Supply Depot  
  109  9:27  Supply Depot  
  109  9:29  SCV  
  120  9:36  SCV  
  120  9:37  Hellion  
  124  9:41  SCV  
  123  9:46  Hellion  
  111  9:56  Siege Tank  
  111  9:57  SCV, Hellion  
  111  9:58  SCV  
  111  10:09  Liberator  
  111  10:10  SCV  
  111  10:12  Liberator  
  112  10:18  Siege Tank  
  116  10:28  Siege Tank  
  124  10:42  Hellion  
  124  10:43  SCV, Hellion  
  124  10:47  Command Center  
  125  10:50  Siege Tank  
  125  10:56  Orbital Command  
  128  10:58  SCV  
  128  10:59  SCV  
  128  11:00  Siege Tank  
  133  11:10  Viking  
  130  11:11  SCV x2  
  130  11:12  Viking  
  133  11:21  Missile Turret  
  133  11:22  Missile Turret  
  133  11:23  SCV x3  
  133  11:24  Missile Turret  
  136  11:31  Refinery  
  136  11:33  Sensor Tower  
  136  11:36  Refinery  
  136  11:46  Siege Tank  
  136  11:47  Siege Tank  
  138  11:49  Liberator  
  138  11:52  Orbital Command  
  115  12:06  Viking  
  115  12:08  SCV x2  
  120  12:19  Siege Tank  
  120  12:21  SCV  
  120  12:22  SCV  
  126  12:31  SCV  
  126  12:33  SCV  
  126  12:34  SCV  
  128  12:43  SCV  
  128  12:46  SCV x2  
  128  12:49  Refinery  
  128  12:50  Refinery  
Show
View Real Time Build Order
Export as new Build Order

Maru Terran 

Build Orders: 1/1/1 

Get SALT Encoding   

  12  0:01  SCV  
  13  0:13  SCV  
  14  0:17  Supply Depot  
  14  0:25  SCV  
  14  0:28  Refinery  
  15  0:38  SCV  
  16  0:45  Barracks  
  16  0:51  SCV  
  17  1:00  Refinery  
  17  1:03  SCV  
  18  1:15  SCV  
  19  1:32  Reaper, Orbital Command  
  20  1:37  Factory  
  20  1:48  Supply Depot  
  20  1:58  SCV  
  21  2:04  Reaper  
  22  2:10  SCV  
  23  2:22  SCV, Hellion  
  26  2:25  Starport  
  25  2:34  SCV  
  25  2:38  Reaper  
  26  2:45  Supply Depot  
  26  2:46  SCV, Hellion  
  29  2:59  SCV  
  29  3:03  Starport Tech Lab  
  30  3:08  Factory Tech Lab  
  30  3:11  SCV  
  31  3:21  Command Center  
  31  3:23  SCV  
  31  3:26  Raven  
  33  3:35  SCV  
  33  3:40  Command Center  
  34  3:45  Cyclone  
  37  3:55  Supply Depot  
  36  4:16  SCV  
  32  4:21  Cyclone  
  33  4:26  Supply Depot  
  33  4:28  SCV  
  34  4:41  SCV  
  35  4:47  Raven  
  37  4:53  SCV  
  37  4:55  Orbital Command  
  38  5:01  Barracks Reactor  
  38  5:05  SCV  
  39  5:16  Orbital Command  
  39  5:17  SCV  
  39  5:19  Siege Tank  
  43  5:29  SCV  
  43  5:31  Command Center  
  40  5:41  SCV  
  40  5:42  SCV  
  39  5:49  Refinery  
  36  5:51  Marine x2  
  36  5:53  SCV  
  36  5:54  SCV  
  36  5:57  Siege Tank  
  41  6:05  SCV  
  41  6:06  SCV  
  43  6:15  Marine x2  
  43  6:17  SCV  
  43  6:18  SCV  
  47  6:29  SCV  
  47  6:30  SCV, Siege Tank  
  52  6:37  Starport Reactor  
  52  6:41  Barracks  
  52  6:42  SCV x2  
  52  6:44  Barracks  
  52  6:46  Orbital Command  
  54  6:54  SCV x2  
  55  6:55  Stimpack, Marine  
  55  6:59  Engineering Bay  
  55  7:00  Engineering Bay  
  57  7:06  SCV x2  
  59  7:12  Siege Tank  
  59  7:13  Marine, Orbital Command  
  63  7:18  SCV x2  
  65  7:23  Starport Reactor  
  62  7:31  SCV x2  
  63  7:41  Marine x5  
  63  7:43  SCV x2  
  70  7:45  SCV  
  71  7:53  Siege Tank  
  71  7:55  SCV x2  
  71  7:57  SCV  
  73  7:59  Marine x2  
  73  8:04  Marine x2  
  75  8:07  SCV  
  75  8:08  SCV  
  77  8:20  Supply Depot, SCV x3, Marine  
  77  8:24  Refinery  
  81  8:32  SCV  
  81  8:33  Marine x3  
  85  8:35  Supply Depot  
  85  8:41  Medivac, Marine x2  
  85  8:42  SCV, Siege Tank  
  85  8:44  Supply Depot  
  93  8:50  Terran Infantry Armor Level 1, Terran Infantry Weapons Level 1  
  93  8:56  SCV  
  93  8:59  Combat Shield  
  93  9:00  Marauder  
  96  9:05  Barracks, SCV x2  
  96  9:06  Barracks  
  96  9:08  SCV  
  99  9:11  Sensor Tower  
  99  9:17  SCV x2  
  99  9:20  Siege Tank  
  99  9:21  SCV, Medivac  
  107  9:28  Marauder, Marine x2  
  107  9:30  SCV  
  109  9:31  SCV  
  109  9:32  Marine  
  90  9:52  SCV x2  
  81  10:04  Marauder  
  81  10:06  SCV x2  
  85  10:07  SCV  
  85  10:10  Barracks Tech Lab x2  
  86  10:15  Siege Tank  
  86  10:18  SCV x2  
  86  10:19  SCV  
  92  10:25  Marauder  
  92  10:26  Marine x4  
  98  10:30  SCV  
  98  10:33  Marine  
  98  10:34  Marine  
  88  10:46  Medivac, Marine x2  
  88  10:47  Marauder, Siege Tank, Marine  
  98  10:50  SCV  
  98  10:51  SCV  
  98  10:53  SCV  
  99  11:04  Marauder x2  
  96  11:05  SCV  
  91  11:13  SCV  
  92  11:19  SCV  
  92  11:21  SCV  
  94  11:33  SCV x2  
  94  11:34  SCV  
  77  11:58  SCV  
  77  12:00  Marauder x2, Marine x4  
  76  12:02  SCV x2  
  74  12:10  SCV, Marine  
  74  12:14  SCV  
  68  12:17  Marine  
  68  12:20  SCV  
  68  12:22  SCV  
  70  12:26  SCV  
  68  12:31  Marine  
  68  12:32  SCV, Marine  
  68  12:34  SCV  
  68  12:38  SCV  
  61  12:44  SCV  
  61  12:46  SCV  
Tags
 
Composition
Mech
Matchup
TvT
Opening
1/1/1
Race
Terran
Spawn Locations
Cross Positions
Add a new tag
Caveats
  • Supply blocks, unpowered buildings, or Contaminate may cause inaccurate times.
  • Supply counts are checked every 10 seconds.